Map: Catalyst LE

Players

HEMORRHOIDS - Winner!

  • Race: Protoss Protoss
  • League: Diamond
  • Spawn Location: 11:00

ddod

  • Race: Zerg Zerg
  • League: Diamond
  • Spawn Location: 5:00

VOD

Have the link to the VOD?

Description

Time

  • Played on: Dec. 17, 2017, 12:07 p.m.
  • Length: 8:24
Show
View Real Time Build Order
Export as new Build Order

HEMORRHOIDS Protoss - Winner!

Build Orders: Cannon Rush 

Get SALT Encoding   

  12  0:01  Probe  
  13  0:13  Probe  
  14  0:20  Pylon  
  14  0:25  Probe  
  15  0:38  Probe  
  16  0:43  Forge  
  16  0:50  Probe  
  17  1:02  Probe  
  18  1:06  Pylon  
  18  1:14  Probe  
  19  1:25  Photon Cannon  
  19  1:26  Probe  
  20  1:39  Probe  
  21  1:45  Photon Cannon  
  21  1:48  Photon Cannon  
  21  1:52  Probe  
  22  1:54  Assimilator  
  22  1:58  Assimilator  
  22  2:08  Gateway  
  22  2:09  Assimilator  
  22  2:23  Probe  
  23  2:35  Probe, Photon Cannon  
  24  2:37  Pylon  
  24  3:01  Probe  
  25  3:08  Nexus  
  25  3:10  Pylon  
  25  3:11  Cybernetics Core  
  25  3:25  Pylon  
  25  3:34  Assimilator  
  25  3:38  Assimilator  
  24  3:48  Stargate  
  24  3:50  Stargate  
  24  4:20  Probe  
  24  4:22  Probe  
  26  4:32  Probe  
  26  4:37  Void Ray x2  
  35  4:44  Probe  
  36  5:02  Probe  
  37  5:14  Probe  
  37  5:15  Pylon  
  37  5:19  Pylon  
  42  5:24  Void Ray (Chrono Boost)  
  42  5:26  Probe  
  47  5:29  Void Ray (Chrono Boost)  
  47  5:54  Photon Cannon  
  47  5:55  Photon Cannon  
  47  6:10  Void Ray  
  45  6:21  Void Ray  
  49  7:01  Pylon  
  49  7:02  Pylon  
  49  7:19  Void Ray  
  45  8:21  Pylon  
Show
View Real Time Build Order
Export as new Build Order

ddod Zerg 

Build Orders: Hatch First 

Get SALT Encoding   

  12  0:01  Drone  
  13  0:08  Drone  
  14  0:16  Overlord  
  14  0:35  Drone x3  
  17  0:47  Drone  
  18  0:57  Hatchery  
  18  1:03  Extractor, Drone  
  17  1:11  Drone  
  18  1:19  Spawning Pool  
  17  1:27  Drone  
  18  1:33  Drone  
  19  1:40  Drone  
  20  1:50  Overlord  
  20  2:33  Queen  
  20  2:34  Roach Warren  
  21  2:40  Drone  
  22  3:04  Overlord x2  
  21  3:17  Roach x3  
  21  3:19  Roach  
  29  3:22  Lair  
  29  3:25  Roach  
  31  3:37  Roach  
  31  3:38  Roach  
  35  3:45  Ravager  
  36  3:51  Roach  
  38  4:00  Extractor  
  35  4:22  Roach x3  
  41  4:40  Ravager  
  42  4:46  Roach  
  42  4:49  Roach  
  46  5:07  Hatchery, Drone  
  46  5:08  Overlord x3  
  46  5:17  Hatchery  
  46  5:20  Ravager  
  46  5:26  Ravager  
  47  5:40  Roach x4  
  55  5:53  Drone x3  
  58  6:06  Drone  
  57  6:45  Drone x2  
  59  7:06  Spore Crawler  
  59  7:07  Spore Crawler  
  57  7:10  Spore Crawler x2  
  57  7:11  Spore Crawler  
Tags
 
Add a new tag
Caveats
  • Supply blocks, unpowered buildings, or Contaminate may cause inaccurate times.
  • Supply counts are checked every 10 seconds.